 Dungeon Crawl Stone Soup version 0.16.1-30-g34a7ffa (webtiles) character file.

588 joy the Covert (level 7, 0/32 HPs)
             Began as a Spriggan Enchanter on June 17, 2015.
             Was an Initiate of Dithmenos.
             Killed by nerve-wracking pain
             ... invoked by an orc priest
              (11 damage)
             ... on level 5 of the Dungeon.
             The game lasted 00:09:01 (4327 turns).

joy the Covert (Spriggan Enchanter)                 Turns: 4327, Time: 00:09:01

Health: 0/32       AC:  4    Str:  4    XL:     7   Next: 15%
Magic:  13/20      EV: 18    Int: 17    God:    Dithmenos [......]
Gold:   96         SH:  0    Dex: 18    Spells: 3 memorised, 6 levels left

rFire  . . .     SeeInvis +     b - +1 short sword (venom)
rCold  . . .     Clarity  .     l - +1 robe
rNeg   . . .     SustAb   .     (shield restricted)
rPois  .         Gourm    .     (helmet restricted)
rElec  .         Spirit   .     v - +0 cloak
rCorr  .         Warding  .     (gloves unavailable)
rMut   .         Stasis   .     (boots unavailable)
MR     +....                    (no amulet)
Stlth  +++++.....               (no ring)
                                (no ring)

@: very quick, somewhat resistant to hostile enchantments, quite stealthy
A: unfitting armour, see invisible, herbivore 3, speed 3, slow metabolism 2
a: Renounce Religion


You were on level 5 of the Dungeon.
You worshipped Dithmenos.
Dithmenos was noncommittal.
You were not hungry.

You visited 1 branch of the dungeon, and saw 5 of its levels.

You collected 159 gold pieces.
You spent 63 gold pieces at shops.

Inventory:

Hand weapons
 a - a +1 dagger
 b - a +1 short sword of venom (weapon)
 r - a +0 short sword of draining
Missiles
 f - 45 poisoned needles
Armour
 g - a +0 buckler
 l - a +1 robe (worn)
 v - a +0 cloak (worn)
Scrolls
 i - a scroll of recharging {unknown}
 j - 3 scrolls of identify
 k - 2 scrolls of noise {unknown}
 n - a scroll of magic mapping {unknown}
 o - a scroll of enchant weapon {unknown}
 p - a scroll of vulnerability {unknown}
 q - a scroll of remove curse
 t - 4 scrolls of enchant armour {unknown}
Potions
 h - a potion of ambrosia {unknown}
 m - a potion of agility {unknown}
 s - a potion of magic {unknown}
 u - a potion of restore abilities {unknown}
 x - a potion of poison {unknown}
Books
 c - a book of Maledictions

   Spells                             Type                      Level
   a - Corona                         Hexes                        1
   b - Sure Blade                     Hexes/Charms                 2
   c - Ensorcelled Hibernation        Hexes/Ice                    2
   d - Confuse                        Hexes                        3
   e - Dazzling Spray                 Conjuration/Hexes            3
   f - Enslavement                    Hexes                        4
Comestibles
 d - 2 bread rations
 w - 3 fruits


   Skills:
 - Level 5.0 Short Blades
 - Level 3.0 Dodging
 - Level 10.0 Stealth
 * Level 3.4 Spellcasting
 + Level 3.9 Hexes


You had 6 spell levels left.
You knew the following spells:

 Your Spells              Type           Power        Failure   Level  Hunger
a - Corona                Hex            ###....      3%          1    None
b - Ensorcelled Hibernat  Hex/Ice        #.....       14%         2    ##.....
c - Confuse               Hex            ###.....     12%         3    ###....


Dungeon Overview and Level Annotations

Branches:
Dungeon (5/15)             Temple (0/1) D:5

Altars:
Cheibriados
Dithmenos
Elyvilon
Qazlal
Sif Muna
Trog
The Shining One

Shops:
D:4 *


Innate Abilities, Weirdness & Mutations

You are tiny and cannot use many weapons and most armour.
You have supernaturally acute eyesight.
You are a herbivore.
You cover ground extremely quickly.
You need consume almost no food.


Message History

Casting: Ensorcelled Hibernation
Confirm with . or Enter, or press ? or * to list all spells.
Aiming: Ensorcelled Hibernation
Press: ? - help, Shift-Dir - straight line, f/p - orc priest
Aim: an orc priest, wearing a ring mail (chance 40%)
The orc priest resists with some effort.
The orc misses you.
The orc priest invokes the aid of Beogh against you.
Something smites you!
* * * LOW HITPOINT WARNING * * *
You hit the orc priest but do no damage.
The orc priest is poisoned.
The orc completely misses you.
The orc priest hits you but does no damage.
Drink which item? (? for menu, Esc to quit)
You feel better. The orc barely misses you.
The orc priest completely misses you.
The orc priest looks braver.
The orc priest invokes the aid of Beogh against you.
Pain shoots through your body!
You die...

########.#.#..# #######.#.#..#
...........#.o#
###########.#.oo.#
...........#.#.#.##
...........#.#o#.#
...........#.#.#.###
...........'.......#
...........#.#.#@#.#
...........#.#.#.#<#########
...........#.#.............#
.....).....#.#.#.....#####.#
..)).......#.#.#.###.#####.#.#
...........#.#.#.###..........
...........#.#.............#.#
...........#.###.............
...........#.................


You could see 2 orc priests and 2 orcs.

Vanquished Creatures
  A hippogriff (D:4)
  The ghost of DEIHARD the Magician, an average DEWz of Ru (D:3)
  A hound (D:4)
  4 orc wizards
  2 orc priests
  2 worker ants (D:4)
  A hound skeleton (D:4)
  2 adders
  A shadow imp (D:4)
  4 worms
  9 orcs
  A ball python (D:3)
  9 bats
  9 goblins
  10 hobgoblins
  2 jackals (D:1)
  A quokka (D:1)
  3 giant cockroaches
  4 giant geckos
  6 giant newts
  A hobgoblin zombie (D:4)
  9 kobolds
  10 rats
93 creatures vanquished.

Notes
Turn   | Place    | Note
--------------------------------------------------------------
     0 | D:1      | joy, the Spriggan Enchanter, began the quest for the Orb.
     0 | D:1      | Reached XP level 1. HP: 9/9 MP: 4/4
   338 | D:1      | Reached skill level 5 in Stealth
   469 | D:1      | Reached XP level 2. HP: 8/13 MP: 7/7
   476 | D:1      | Learned a level 2 spell: Ensorcelled Hibernation
  1175 | D:1      | Reached XP level 3. HP: 11/16 MP: 9/9
  1622 | D:2      | Reached skill level 6 in Stealth
  2020 | D:3      | Noticed DEIHARD's ghost (average DEWz)
  2138 | D:4      | Reached XP level 4. HP: 15/21 MP: 12/12
  2394 | D:4      | Reached skill level 7 in Stealth
  2566 | D:4      | Learned a level 3 spell: Confuse
  2588 | D:4      | Found a white marble altar of Elyvilon.
  2588 | D:4      | Noticed a hippogriff
  2608 | D:4      | Killed a hippogriff
  2608 | D:4      | Reached skill level 8 in Stealth
  2608 | D:4      | Reached XP level 5. HP: 24/24 MP: 12/14
  2608 | D:4      | Reached XP level 6. HP: 28/28 MP: 14/17
  2625 | D:4      | Found a glowing golden altar of the Shining One.
  2627 | D:4      | Found a snail-covered altar of Cheibriados.
  2628 | D:4      | Found a bloodstained altar of Trog.
  2630 | D:4      | Found a deep blue altar of Sif Muna.
  2759 | D:4      | Found Shagoidu's Assorted Antiques.
  2762 | D:4      | Bought a scroll labeled LIUSKE GELOUSKE for 21 gold pieces
  2762 | D:4      | Bought a scroll labeled XONINI FYOSMITU for 21 gold pieces
  2762 | D:4      | Bought a scroll labeled HIEZEPP VIMMI for 21 gold pieces
  2902 | D:4      | Reached skill level 5 in Short Blades
  2939 | D:4      | Found a shadowy altar of Dithmenos.
  2949 | D:4      | Became a worshipper of Dithmenos the Shadowed
  2987 | D:4      | Found a stormy altar of Qazlal.
  2989 | D:4      | Noticed an earth elemental
  2990 | D:4      | Noticed a fire elemental
  2990 | D:4      | Noticed a water elemental
  2990 | D:4      | Noticed an air elemental
  3347 | D:4      | Reached skill level 9 in Stealth
  4105 | D:3      | Killed DEIHARD's ghost
  4105 | D:3      | Reached skill level 10 in Stealth
  4105 | D:3      | Reached XP level 7. HP: 21/32 MP: 16/19
  4228 | D:5      | Entered Level 5 of the Dungeon
  4285 | D:5      | Found a staircase to the Ecumenical Temple.
  4327 | D:5      | Killed from afar by an orc priest

Action                   |  1- 3 |  4- 6 |  7- 9 || total
-------------------------+-------+-------+-------++-------
Melee: Dagger            |    74 |       |       ||    74
       Short sword       |    76 |   120 |     7 ||   203
 Cast: Ensorcelled Hiber |       |     1 |     4 ||     5
       Confuse           |       |     1 |       ||     1
  Use: Scroll            |     3 |       |       ||     3
       Potion            |       |     1 |     1 ||     2
 Stab: Sleeping          |    12 |    10 |     4 ||    26
       Confused          |       |     1 |       ||     1
  Eat: Pizza             |       |     1 |       ||     1
